 Dungeon Crawl Stone Soup version 0.23.2 (webtiles) character file.

Game seed: 6731809374816003070

67 Borgoz the Cutter (level 4, 0/37 HPs)
             Began as a Ghoul Gladiator on Apr 3, 2019.
             Slain by a goblin
             ... wielding a +0 club
             ... led by Robin
              (2 damage)
             ... on level 2 of the Dungeon.
             The game lasted 00:01:50 (1554 turns).

Borgoz the Cutter (Ghoul Gladiator)                 Turns: 1554, Time: 00:01:51

Health: 0/37       AC:  5    Str: 17    XL:     4   Next: 16%
Magic:  3/3        EV: 12    Int:  4    God:
Gold:   46         SH:  0    Dex: 10    Spells: 3/3 levels left

rFire    . . .     SeeInvis .   a - +0 rapier
rCold    + . .     Gourm    .   (no shield)
rNeg     + + +     Faith    .   b - +0 leather armour
rPois    ∞         Spirit   .   c - +0 helmet
rElec    .         Reflect  .   j - +0 cloak (curse)
rCorr    .         Harm     .   (no gloves)
MR       .....     Rnd*Tele +   (no boots)
Stlth    +.........             (no amulet)
HPRegen  0.00/turn              l - ring of teleportation (curse)
MPRegen  0.08/turn              (no ring)

@: rotting
A: rotting body, claws 1, carnivore, cold resistance 1, negative energy
resistance 3, inhibited regeneration, torment resistance, unbreathing
a: no special abilities


You were on level 2 of the Dungeon.
You were not hungry.

You visited 1 branch of the dungeon, and saw 2 of its levels.

You collected 46 gold pieces.

Inventory:

Hand Weapons
 a - a +0 rapier (weapon)
Missiles
 d - 2 throwing nets (quivered)
 e - 8 javelins of penetration
Armour
 b - a +0 leather armour (worn)
 c - a +0 helmet (worn)
 j - a cursed +0 cloak (worn)
Jewellery
 l - a cursed ring of teleportation (left claw)
Scrolls
 g - a scroll of teleportation {unknown}
 h - a scroll of identify {unknown}
 i - a scroll of fog {unknown}
Comestibles
 f - 3 rations


   Skills:
 + Level 2.5 Fighting
 * Level 3.2 Short Blades
 - Level 1.7 Throwing
 * Level 1.5 Armour
 * Level 3.2 Dodging
 + Level 1.2 Stealth


You had 3 spell levels left.
You didn't know any spells.
Your spell library was empty.

Dungeon Overview and Level Annotations

Branches:
Dungeon (2/15)

Altars:

Annotations:
D:2 Robin


Innate Abilities, Weirdness & Mutations

Your body is rotting away.
You thrive on raw meat.
You are immune to poison.
You have sharp fingernails.
You are carnivorous and can eat meat at any time.
Your flesh is cold resistant. (rC+)
You are immune to negative energy. (rN+++)
You do not regenerate when monsters are visible.
You are immune to unholy pain and torment.
You can survive without breathing.


Message History

You see here a goblin corpse.
You miss the adder.
The adder is heavily wounded.
Robin roars a battlecry!
The goblins go into a battle-frenzy!
The adder bites you.
* * * LOW HITPOINT WARNING * * *
A goblin comes into view.
Okay, then.
You butcher the goblin corpse.
The adder bites you but does no damage.
Things that are here:
3 chunks of flesh; a goblin skeleton Eat one of 3 chunks of flesh? (ye/n/q)
You eat one of the 3 chunks of flesh.
You feel more resilient.
This raw flesh tastes great!
The adder bites you.
* * * LOW HITPOINT WARNING * * *
Robin throws the goblin at you!
* * * LOW HITPOINT WARNING * * *
The goblin hits you with a +0 club.
You die...

.##.#..####..##.#
.# .##.#..#
#..##.###.####
.##.#..#
##.........S.g.
....#..#
#......gg...#
.......#
#.#.###)##..#
.##.##.###.#.# #g#
#
.............###g#
###............#S#
#. #.
###.##.##......#@#
#.. #.# ##.
.....#.##..#.#.#g#
#... ... ...
###..#.##..#.#.#.#
#.. #.# .. #
#..#...........#
#..#.# #.
###..#..#..#.#...#
#..#.######.
.##........#.#...#
#...........
.............#...#
#..#........
.÷...#..#........#
#....######.
##...#..##.###..
####....######.


You could see Robin, an adder, a hobgoblin and 3 goblins.

Vanquished Creatures
  2 adders (D:2)
  2 worms (D:2)
  2 dart slugs (D:1)
  2 leopard geckos (D:1)
  3 bats (D:1)
  9 goblins
  6 hobgoblins
  2 frilled lizards
  4 kobolds
  4 rats
36 creatures vanquished.

Notes
Turn   | Place    | Note
-------+----------+-------------------------------------------
     0 | D:1      | Borgoz the Ghoul Gladiator began the quest for the Orb.
     0 | D:1      | Reached XP level 1. HP: 17/17 MP: 0/0
   198 | D:1      | Reached XP level 2. HP: 24/24 MP: 1/1
   511 | D:1      | Reached skill level 1 in Armour
   645 | D:1      | Reached XP level 3. HP: 30/30 MP: 2/2
  1075 | D:2      | Reached skill level 1 in Stealth
  1324 | D:2      | Reached XP level 4. HP: 7/37 MP: 3/3
  1516 | D:2      | Noticed Robin
  1552 | D:2      | HP: 1/36 [adder (1)]
  1554 | D:2      | Slain by a goblin

Skill      XL: |  1  2  3 |
---------------+----------+-----
Armour         | 1 |  1.5
Short Blades   | 3 |  3.2
Dodging        | 3 |  3.2
Stealth        | 1 |  1.2
Fighting       | |  2.5
Throwing       | |  1.7

Action                   |  1- 3 |  4- 6 || total
-------------------------+-------+-------++-------
Melee: Rapier            |   107 |    32 ||   139
Throw: Throwing net      |     2 |       ||     2
  Use: Potion            |       |     1 ||     1
 Stab: Sleeping          |     1 |       ||     1
  Eat: Chunk             |     4 |     3 ||     7
Armor: Leather armour    |    42 |    10 ||    52
Dodge: Dodged            |    71 |    35 ||   106
